 Dungeon Crawl Stone Soup version 0.32-a0-132-g2d33c3cfaf (webtiles) character file.

Game seed: 9227253260577709414

60 zeratav the Sneak (level 4, -2/28 HPs)
             Began as an Octopode Shapeshifter on Feb 9, 2024.
             Slain by a goblin
             ... wielding a +0 club
             ... led by Robin
              (3 damage)
             ... on level 2 of the Dungeon.
             The game lasted 00:01:11 (823 turns).

zeratav the Sneak (Octopode Shapeshifter)            Turns: 823, Time: 00:01:12

Health: -2/28      AC:  1    Str: 15    XL:     4   Next: 6%
Magic:  4/4        EV: 13    Int: 12    God:
Gold:   61         SH:  0    Dex: 11    Spells: 3/3 levels left

rFire   . .          .
                       - Unarmed
rCold   . . .        (no shield)
rNeg    . . .        (helmet currently unavailable)
rPois   .            (no amulet)
rElec   .            (no ring)
rCorr   .            (no ring)
SInv    .            (no ring)
Will    .....        (no ring)
Stlth   ++++         (no ring)
HPRegen 0.24/turn    (no ring)
MPRegen 0.09/turn    (no ring)
                     (no ring)

%: no passive effects
@: beast-form
A: beast (slay +1), almost no armour, amphibious, 8 rings, camouflage 1,
gelatinous body 1, (nimble swimmer 1), tentacles
a: Begin Untransformation


You were on level 2 of the Dungeon.
You were a hulking beast.
You visited 1 branch of the dungeon, and saw 2 of its levels.

You collected 61 gold pieces.


Innate Abilities, Weirdness & Mutations

You are a hulking beast.
Your limbs bulge with bestial killing power. (Slay +1)
You cannot wear most types of armour.
You are amphibious.
You can wear up to eight rings at the same time.
Your skin changes colour to match your surroundings (Stealth+).
Your rubbery body absorbs attacks. (AC +1, EV +1)
((You are camouflaged when in or above water. (Stealth+)))
You have tentacles for arms and can constrict up to eight enemies at once.


   Skills:
 + Level 1.3 Fighting
 - Level 2.0 Dodging
 - Level 5.0 Stealth
 - Level 3.0 Unarmed Combat
 - Level 3.0 Shapeshifting


You had 3 spell levels left.
You didn't know any spells.
Your spell library contained the following spells:

 Spells                   Type           Power      Damage    Failure   Level
 Fugue of the Fallen      Necr           0%         N/A       69%         3
 Ozocubu's Armour         Ice            0%         N/A       69%         3
 Manifold Assault         Tloc           0%         N/A       97%         4

Inventory:

Talismans
 b - a beast talisman
 c - a flux talisman
 g - a blade talisman
   (You found it on level 1 of the Dungeon)
Scrolls
 d - a scroll of immolation {unknown}
 e - 2 scrolls of fear {unknown}
 h - a scroll of enchant weapon {unknown}
 i - 2 scrolls of identify {unknown}
Potions
 a - 2 potions of lignification {!q}
 f - a potion of haste {unknown}

Dungeon Overview and Level Annotations

Branches:
Dungeon (2/15) Zot: 11179

Altars:

#.....# #.####.##### .
#.....# #.##.. ####. #.
#.....# #.##.# #....
#..##.....#
#.##.###....
#..).....###...........
#...g........†.########
#...gg.....).........
####+#g#...†...######
#h#..######
........#....
#######.>!....
#.#...... #.##.....
#....... #...... #.. ..


You could see a hobgoblin and 2 goblins.


Message History

You kill the giant cockroach!
HP[-2]
You take 2 damage, and now have 13/23 hp.
No target in view!
No target in view!
No target in view!
No target in view!
No target in view!
No target in view!
No target in view!
No target in view!
No target in view!
You now have 61 gold pieces (gained 3).
Things that are here:
a +0 dagger {short}; a +0 ring mail; a goblin corpse A goblin comes into view.
It is wielding a +0 dagger.
HP[+10]
Your hp is fully restored (23).
A goblin is nearby!
A goblin is nearby!
A goblin is nearby!
A goblin comes into view. It is wielding a +0 dagger.
The goblin shouts!
You hear a shout! x6
The goblin barely misses you.
You tentacle-slap the goblin. Your grab misses the goblin.
The goblin hits you but does no damage.
You tentacle-slap the goblin.
You kill the goblin!
A goblin comes into view. It is wielding a +0 dagger.
You closely miss the goblin. You grab the goblin. You constrict the goblin.
A hobgoblin comes into view.
The goblin misses you.
You tentacle-slap the goblin. You squeeze the goblin.
You kill the goblin!
Robin of the Strong Arm comes into view.
They are wielding a +0 club.
A goblin comes into view. It is wielding a +0 club.
Robin roars a battlecry!
The goblins go into a battle-frenzy!
You hear a shout!
The goblin attacks as it pursues you! The goblin closely misses you.
A goblin comes into view. It is wielding a +0 club.
There is an open door here.
You tentacle-slap the goblin. You grab the goblin.
You tentacle-slap the goblin.
You kill the goblin!
You closely miss the hobgoblin. You grab the hobgoblin.
You constrict the hobgoblin. The hobgoblin closely misses you.
You tentacle-slap the hobgoblin but do no damage.
You squeeze the hobgoblin. You constrict the hobgoblin.
You kill the hobgoblin!
Robin throws the goblin at you!
HP[-1]
You take 1 damage, and now have 22/23 hp.
A goblin comes into view. It is wielding a +0 club.
Robin barely misses you.
There is an open door here.
Things that are here:
a +0 dagger {short}; a hobgoblin corpse You closely miss Robin.
The goblin shouts! x2
You grab Robin. You constrict Robin, but do no damage.
A goblin comes into view. It is wielding a +0 dagger.
A hobgoblin comes into view.
Robin hits you with a +0 club. The goblin barely misses you.
You tentacle-slap Robin but do no damage.
You squeeze Robin! You constrict Robin. Robin hits you but does no damage.
The goblin hits you with a +0 club.
HP[-6]
You take 6 damage, and now have 16/23 hp.
MASSIVE DAMAGE!! (PAUSE)
You tentacle-slap Robin. You constrict Robin.
You kill Robin!
The goblin hits you with a +0 club.
* * * LOW HITPOINT WARNING * * *
Training target 5.0 for Stealth reached!
Your Stealth skill increases to level 5!
You need to enable at least one skill for training.
You have reached level 4!
HP[-4] MP[+1]
You now have 28 max hp (+5).
Your mp is fully restored (4).
You tentacle-slap the goblin but do no damage.
Your grab misses the goblin. Your squeeze misses the goblin.
The goblin barely misses you.
HP[+1]
You closely miss the goblin. You grab the goblin. You constrict the goblin.
The goblin hits you but does no damage. The goblin hits you with a +0 club.
* * * LOW HITPOINT WARNING * * *
The goblin hits you with a +0 club.
* * * LOW HITPOINT WARNING * * *
HP[-9]
You take 9 damage, and now have 4/28 hp.
MASSIVE DAMAGE!! (PAUSE)
You tentacle-slap the goblin.
You kill the goblin!
The goblin barely misses you. The goblin hits you with a +0 club.
* * * LOW HITPOINT WARNING * * *
HP[-3]
You take 3 damage, and now have 1/28 hp.
The goblin attacks as it pursues you! The goblin hits you with a +0 club.
You die...

Skill      XL: |  1  2  3 |
---------------+----------+-----
Stealth        | 2 3 5 |  5.0
Fighting       | |  1.3
Dodging        | |  2.0
Unarmed Combat | |  3.0
Shapeshifting  | |  3.0

Action                     |  1- 3 |  4- 6 || total
---------------------------+-------+-------++-------
  Melee: Unarmed           |    56 |     3 ||    59
         Constrict         |    16 |     1 ||    17
         Tentacles         |    16 |       ||    16
         Punch             |     3 |       ||     3
    Use: Potion            |     1 |       ||     1
   Stab: Sleeping          |     6 |       ||     6
 Armour: Skin              |    21 |     5 ||    26
  Dodge: Dodged            |    40 |     2 ||    42

Levels and vault maps discovered:
D:1:      dpeg_arrival_three_smaller_balls, layout_basic, serial_forest,
          infiniplex_forest_lined_room_, infiniplex_forest_lined_ring,
          infiniplex_forest_lined_2, infiniplex_forest_lined_room_3,
          infiniplex_forest_clump_small, infiniplex_forest_straight_4,
          infiniplex_forest_straight_4, infiniplex_forest_lined_3
D:2:      layout_basic, chequers_serial_rivers_micro_a, uniq_natasha, uniq_robin

Notes
Turn   | Place    | Note
-------+----------+-------------------------------------------
     0 | D:1      | zeratav the Octopode Shapeshifter began the quest for the
                  | Orb.
     0 | D:1      | Reached XP level 1. HP: 13/13 MP: 1/1
     0 | D:1      | magus.rc [v1.9.6]
    91 | D:1      | Reached skill level 1 in Stealth
   106 | D:1      | Reached skill level 2 in Stealth
   141 | D:1      | Reached XP level 2. HP: 18/18 MP: 2/2
   200 | D:1      | You pick up a book of Battle and begin reading...
   200 | D:1      | You add the spells Fugue of the Fallen, Ozocubu's Armour
                  | and Manifold Assault to your library.
   469 | D:1      | Reached skill level 3 in Stealth
   616 | D:2      | Reached XP level 3. HP: 8/23 MP: 3/3
   616 | D:2      | HP: 5/23 [poisoned by an adder]
   618 | D:2      | HP: 1/23 [poisoned by an adder]
   622 | D:2      | Reached skill level 4 in Stealth
   808 | D:2      | Noticed Robin
   819 | D:2      | Killed Robin
   820 | D:2      | Reached skill level 5 in Stealth
   820 | D:2      | Reached XP level 4. HP: 12/28 MP: 4/4
   821 | D:2      | HP: 4/28 [goblin/+0 club[Robin] (4)]
   822 | D:2      | HP: 1/28 [goblin/+0 club[Robin] (3)]
   823 | D:2      | Slain by a goblin

Vanquished Creatures
  Robin (D:2)
  2 adders (D:2)
  A dart slug (D:1)
  2 endoplasms (D:2)
  3 giant cockroaches
  6 goblins
  6 hobgoblins
  A quokka (D:2)
  A bat (D:1)
  A frilled lizard (D:1)
  A kobold (D:1)
  2 rats (D:1)
27 creatures vanquished.

Table legend:
 A = Non-vault XP
 B = Vault XP
 C = Vault XP percentage of total XP
 D = Non-vault monster count
 E = Vault monster count
 F = Vault count percentage of total count
                 A         B        C        D         E       F
            +---------+---------+-------+---------+---------+-------
      Total |      62 |      25 |  28.7 |      21 |       6 |  22.2
            +---------+---------+-------+---------+---------+-------
        D:1 |      19 |       0 |   0.0 |      11 |       0 |   0.0
        D:2 |      43 |      25 |  36.8 |      10 |       6 |  37.5
            +---------+---------+-------+---------+---------+-------

Skill      XL: |  1  2  3 |
---------------+----------+-----
Stealth        | 2 3 5 |  5.0
Fighting       | |  1.3
Dodging        | |  2.0
Unarmed Combat | |  3.0
Shapeshifting  | |  3.0

Action                     |  1- 3 |  4- 6 || total
---------------------------+-------+-------++-------
  Melee: Unarmed           |    56 |     3 ||    59
         Constrict         |    16 |     1 ||    17
         Tentacles         |    16 |       ||    16
         Punch             |     3 |       ||     3
    Use: Potion            |     1 |       ||     1
   Stab: Sleeping          |     6 |       ||     6
 Armour: Skin              |    21 |     5 ||    26
  Dodge: Dodged            |    40 |     2 ||    42

Illustrated notes

Table legend:
 A = Kills in this place as a percentage of kills in the entire game.
 B = Kills by you in this place as a percentage of kills by you in the entire game.
 C = Kills by friends in this place as a percentage of kills by friends in the entire game.
 D = Other kills in this place as a percentage of other kills in the entire game.
 E = Experience gained in this place as a percentage of experience gained in the entire game.
 F = Experience gained in this place divided by the number of levels of this place that you have seen.
                   A       B       C       D       E      F
               +-------+-------+-------+-------+-------+----------------------
         Total | 100.0 | 100.0 |   N/A |   N/A | 100.0 |  43.5
       Dungeon | 100.0 | 100.0 |   N/A |   N/A | 100.0 |  43.5
               +-------+-------+-------+-------+-------+----------------------

Table legend: (Time is in decaauts)
 A = Elapsed time spent in this place.
 B = Non-inter-level travel time spent in this place.
 C = Inter-level travel time spent in this place.
 D = Time resting spent in this place.
 E = Time spent auto-exploring this place.
 F = Levels seen in this place.
 G = Mean time per level.
                   A        B        C        D        E       F      G
               +--------+--------+--------+--------+--------+-----+--------+
         Total |    819 |    756 |     63 |     56 |    529 |   2 |  409.5 |
       Dungeon |    819 |    756 |     63 |     56 |    529 |   2 |  409.5 |
               +--------+--------+--------+--------+--------+-----+--------+

Top non-repeatable levels by time:
     D:1: 577 daAuts
     D:2: 242 daAuts
